Map: Cerulean Fall LE

Players

Bunny - Winner!

  • Race: Terran Terran
  • League: Diamond
  • Spawn Location: 1:00

Bly

  • Race: Zerg Zerg
  • League: Master
  • Spawn Location: 7:00

Event: HomeStory Cup XVIII

VOD

Have the link to the VOD?

Description

Time

  • Played on: Nov. 23, 2018, 10:52 a.m.
  • Length: 12:22

All games in this series

Show
View Real Time Build Order
Export as new Build Order

Bunny Terran - Winner!

Build Orders: Reaper Expand 

Get SALT Encoding   

  12  0:00  SCV  
  13  0:13  SCV  
  14  0:17  Supply Depot  
  14  0:25  SCV  
  15  0:38  SCV  
  15  0:39  Barracks  
  16  0:44  Refinery  
  16  0:50  SCV  
  17  1:03  SCV  
  18  1:15  SCV  
  19  1:27  Reaper, Orbital Command  
  20  1:41  Command Center  
  20  1:50  Supply Depot  
  20  1:53  SCV  
  21  1:59  Marine  
  22  2:05  SCV  
  23  2:10  Factory  
  23  2:17  Marine  
  23  2:19  SCV  
  25  2:28  Refinery  
  25  2:31  SCV  
  25  2:35  Marine  
  27  2:43  SCV  
  28  2:52  Orbital Command  
  28  2:54  Factory Tech Lab  
  28  2:55  Starport, SCV  
  28  2:56  Marine  
  30  3:04  Bunker  
  30  3:09  SCV  
  30  3:12  Orbital Command  
  31  3:14  Marine  
  31  3:17  Siege Tank  
  34  3:29  Bunker  
  34  3:32  Viking  
  35  3:35  Marine  
  36  3:42  SCV x2  
  36  3:47  Supply Depot  
  38  3:55  Siege Tank  
  41  4:02  Marine  
  40  4:05  SCV x2  
  42  4:10  Medivac  
  44  4:19  Marine  
  44  4:20  SCV x2  
  44  4:24  Supply Depot  
  47  4:36  Cyclone  
  50  4:39  Marine  
  50  4:44  Orbital Command, SCV  
  52  4:58  Viking, Command Center  
  54  5:02  SCV  
  54  5:04  Supply Depot, Marine  
  56  5:12  Siege Tank  
  59  5:17  Barracks  
  59  5:29  Barracks Reactor  
  59  5:36  SCV  
  59  5:38  Medivac  
  59  5:41  Barracks  
  62  5:43  Bunker  
  62  5:45  Orbital Command  
  62  5:48  SCV  
  61  6:00  SCV  
  62  6:05  Siege Tank, Barracks  
  65  6:18  Marine  
  66  6:19  Marine  
  66  6:20  Supply Depot  
  66  6:24  Marine  
  68  6:27  SCV x2  
  68  6:28  Barracks Tech Lab  
  70  6:35  Marine  
  70  6:37  Marine  
  70  6:38  Siege Tank  
  75  6:41  Marine  
  75  6:44  SCV x2  
  75  6:49  Marine  
  75  6:53  Marine  
  77  6:55  Marine  
  77  6:56  SCV x2  
  77  6:58  Engineering Bay  
  80  7:01  Engineering Bay  
  80  7:02  Stimpack, Orbital Command  
  80  7:04  Barracks Reactor  
  80  7:08  SCV x2  
  80  7:11  Barracks Reactor  
  82  7:18  Marine x3  
  82  7:20  SCV x2  
  87  7:24  Refinery  
  87  7:25  Refinery  
  87  7:35  SCV x3  
  87  7:36  Marine x3  
  93  7:40  Terran Infantry Weapons Level 1  
  93  7:49  Supply Depot  
  93  7:50  Supply Depot  
  93  7:51  Marine x2  
  93  7:53  Marine  
  93  7:54  Marine  
  93  7:55  SCV x2  
  98  8:01  Terran Infantry Armor Level 1  
  97  8:06  Marine  
  97  8:08  Marine  
  97  8:09  Marine x2  
  97  8:10  Marine  
  97  8:11  Marine x2  
  97  8:12  Supply Depot  
  104  8:13  Supply Depot  
  104  8:16  Siege Tank  
  104  8:19  Orbital Command  
  106  8:20  Medivac  
  108  8:27  SCV  
  108  8:28  Marine, SCV  
  108  8:32  Armory  
  104  8:38  Marauder  
  106  8:46  Marine x6  
  111  8:50  SCV  
  111  8:51  SCV x2  
  111  8:54  Starport Reactor  
  114  8:57  Supply Depot  
  114  9:03  Combat Shield  
  114  9:06  Barracks  
  116  9:10  Marauder, Marine x2  
  116  9:11  Marine  
  117  9:22  Marine x3  
  117  9:24  Siege Tank  
  123  9:30  Medivac x2  
  128  9:31  SCV x3  
  128  9:35  Marine  
  128  9:37  Marine  
  128  9:38  Marine  
  133  9:39  Marine  
  134  9:47  Marine  
  134  9:48  Marine  
  138  9:52  Marine  
  138  9:55  Marine  
  138  9:57  Barracks Tech Lab  
  139  10:00  Siege Tank  
  139  10:01  Supply Depot x2  
  139  10:02  Supply Depot  
  139  10:04  Terran Infantry Armor Level 2, Terran Infantry Weapons Level 2  
  138  10:09  Marine x4  
  138  10:12  Marine  
  145  10:14  Marauder  
  143  10:22  Missile Turret  
  143  10:23  Missile Turret, Marine, Refinery  
  143  10:25  Medivac  
  143  10:28  Marine x2  
  141  10:35  Missile Turret  
  141  10:36  Marauder x2  
  141  10:39  Medivac  
  141  10:42  Concussive Shells  
  147  10:46  Marine x3  
  147  10:47  Supply Depot  
  147  10:49  Marine x2  
  152  11:00  Marauder x2  
  152  11:02  Marine  
  152  11:04  Marine x3  
  157  11:07  Siege Tank  
  157  11:09  Marine  
  164  11:12  Sensor Tower  
  164  11:15  Medivac  
  164  11:20  Medivac  
  166  11:28  Marauder x2, Marine x5  
  166  11:29  Marine  
  176  11:39  Siege Tank  
  175  11:45  Medivac  
  177  11:50  Medivac  
Show
View Real Time Build Order
Export as new Build Order

Bly Zerg 

Build Orders: Hatch First, Ravager All-In 

Get SALT Encoding   

  12  0:01  Drone  
  13  0:12  Drone  
  14  0:18  Overlord  
  14  0:24  Extractor, Drone  
  15  0:38  Drone x2  
  17  0:53  Hatchery  
  16  0:58  Drone  
  16  1:00  Extractor  
  16  1:02  Drone  
  17  1:16  Spawning Pool  
  16  1:18  Drone  
  16  1:22  Drone  
  18  1:28  Drone  
  18  1:30  Extractor  
  18  1:41  Drone  
  19  1:49  Drone  
  20  2:03  Roach Warren  
  20  2:05  Queen  
  21  2:11  Drone  
  21  2:13  Drone  
  24  2:22  Overlord  
  24  2:27  Queen  
  25  2:46  Roach x3  
  31  2:57  Overlord  
  31  3:16  Roach  
  31  3:18  Ravager x3, Overlord  
  36  3:32  Overlord  
  36  3:40  Drone x5  
  41  3:45  Roach  
  41  3:48  Overlord  
  43  3:49  Ravager  
  44  4:05  Roach x2  
  46  4:10  Drone x3  
  48  4:24  Hatchery  
  47  4:30  Drone x2  
  49  4:39  Ravager x2  
  49  4:40  Ravager  
  49  4:48  Metabolic Boost  
  49  4:59  Drone x3  
  52  5:01  Overlord x3  
  52  5:19  Drone x6  
  58  5:33  Roach x3  
  58  5:34  Roach  
  66  5:44  Lair  
  66  5:47  Evolution Chamber  
  65  6:02  Overlord x3  
  65  6:12  Extractor, Overlord, Zerg Ground Armor Level 1  
  64  6:20  Queen  
  64  6:27  Roach x3  
  64  6:32  Drone x2  
  74  6:34  Roach  
  74  6:54  Drone x3  
  74  6:56  Drone x3  
  80  7:05  Glial Reconstitution  
  80  7:07  Drone  
  81  7:10  Extractor  
  81  7:11  Hatchery  
  79  7:17  Drone x2  
  79  7:18  Drone  
  82  7:22  Burrow  
  82  7:26  Queen  
  82  7:27  Overlord  
  84  7:30  Overlord  
  84  7:31  Zergling x4  
  84  7:32  Zergling x2  
  84  7:37  Overlord  
  87  7:41  Infestation Pit  
  79  7:54  Drone x2  
  79  7:55  Drone  
  79  7:56  Hatchery  
  79  7:59  Roach x5  
  87  8:15  Drone  
  87  8:16  Drone x4  
  91  8:33  Queen  
  92  8:35  Hatchery, Zerg Ground Armor Level 2  
  92  8:39  Evolution Chamber  
  88  8:49  Roach x3  
  88  8:51  Tunneling Claws  
  88  8:54  Ravager x3  
  95  9:12  Roach x5  
  97  9:19  Drone x2  
  97  9:21  Drone  
  97  9:23  Drone  
  101  9:28  Drone x2  
  101  9:48  Zerg Missile Weapons Level 1  
  101  9:49  Infestor x4  
  109  9:57  Drone  
  109  9:58  Drone  
  111  10:01  Drone  
  111  10:06  Overlord  
  112  10:29  Hive  
  112  10:32  Drone x8  
  112  10:35  Extractor x2  
  118  10:57  Drone x6  
  101  11:21  Hatchery  
  101  11:24  Extractor  
  99  11:26  Extractor  
  98  11:35  Drone x9  
  103  11:46  Ultralisk Cavern  
  102  11:49  Ravager  
  102  11:50  Ravager x3  
  102  11:52  Overlord  
  102  11:53  Overlord  
Tags
 
Add a new tag
Caveats
  • Supply blocks, unpowered buildings, or Contaminate may cause inaccurate times.
  • Supply counts are checked every 10 seconds.